 Dungeon Crawl Stone Soup version 0.27.0-1-g7a089689b8 (webtiles) character file.

Game seed: 11355355106893559518

51 Acheron the Sneak (level 3, 0/33 HPs)
             Began as a Minotaur Delver on Aug 1, 2021.
             Was a Believer of Lugonu.
             Slain by a worm (8 damage)
             ... on level 2 of the Dungeon.
             The game lasted 00:04:05 (1434 turns).

Acheron the Sneak (Minotaur Delver)                 Turns: 1434, Time: 00:04:06

Health: 0/33       AC:  3    Str: 16    XL:     3   Next: 57%
Magic:  2/2        EV: 12    Int:  7    God:    Lugonu [**....]
Gold:   79         SH:  0    Dex: 12    Spells: 2/2 levels left

rFire    . . .     SeeInvis .   a - +0 hand axe
rCold    . . .     Faith    .   (no shield)
rNeg     . . .     Spirit   .   b - +0 leather armour
rPois    .         Reflect  .   (helmet restricted)
rElec    .         Harm     .   (no cloak)
rCorr    .         Rampage  .   (no gloves)
Will     .....                  (no boots)
Stlth    ++........             (no amulet)
HPRegen  0.11/turn              (no ring)
MPRegen  0.08/turn              (no ring)

@: no status effects
A: horns 2, retaliatory headbutt
a: Renounce Religion, Depart the Abyss, Bend Space


You were on level 2 of the Dungeon.
You worshipped Lugonu.
Lugonu was pleased with you.
You visited 1 branch of the dungeon, and saw 6 of its levels.

You collected 79 gold pieces.

Inventory:

Hand Weapons
 a - a +0 hand axe (weapon)
Armour
 b - a +0 leather armour (worn)
Wands
 g - a wand of digging (3)
Scrolls
 c - a scroll of fog
 d - a scroll of magic mapping
 e - a scroll of fear
 h - a scroll of enchant armour {unknown}
 j - 4 scrolls of identify {unknown}
 k - a scroll of teleportation {unknown}
Potions
 f - a potion of haste
 i - a potion of resistance {unknown}
 l - a potion of attraction {unknown}
 m - 3 potions of curing {unknown}
 n - a potion of invisibility {unknown}
 o - a potion of lignification {unknown}


   Skills:
 + Level 4.1 Fighting
 + Level 3.0 Axes
 + Level 1.1 Armour
 + Level 2.3 Dodging
 + Level 4.6 Stealth


You had 2 spell levels left.
You didn't know any spells.
Your spell library was empty.

Dungeon Overview and Level Annotations

Branches:
Dungeon (6/15)
 Temple: D:4-7

Altars:
Kikubaaqudgha
Lugonu

Annotations:
D:1 exclusion: downstairs
D:2 Sigmund
D:5 Menkaure


Innate Abilities, Weirdness & Mutations

You have a pair of horns on your head.
You reflexively headbutt those who attack you in melee.


Message History

You slash the quokka!
You kill the quokka!
Lugonu accepts your kill.
HP restored.
A bat comes into view.
Found a stone staircase leading down.
The bat barely misses you.
You closely miss the bat. The bat hits you but does no damage.
You closely miss the bat. The bat barely misses you.
The bat hits you but does no damage.
You hit the bat.
You kill the bat!
Lugonu accepts your kill.
Your Axes skill increases to level 3!
A bat comes into view.
The helpless bat fails to defend itself.
You hit the bat but do no damage. Your headbutt misses the bat.
The bat barely misses you. The bat closely misses you.
You closely miss the bat. The bat closely misses you.
You hit the bat.
You kill the bat!
Lugonu accepts your kill.
You see here a +0 mace.
A worm is nearby!
The worm bites you.
You hit the worm.
The worm is lightly wounded.
You hit the worm.
The worm is moderately wounded.
The worm bites you!
You hit the worm. You headbutt the worm!
The worm is severely wounded.
The worm bites you!
* * * LOW HITPOINT WARNING * * *
You barely miss the worm.
The worm is severely wounded.
You hit the worm.
The worm is almost dead.
The worm bites you!
You die...

##...........# ##.###.#....####.
#......<.)##.####.###..#####....
##........##........#........###
#........#######.#.#.######....
#.......## ##.#.#.#########.
#.#############...........# ###
#.# #.....##.##..#...#.###†> ##.#
#.....##.##............. #..#
#.....w@................ ##.###
#.....##.###.)..........
....†#####.....##.###.....#.###..
#....>..#########...........# #..
#..#.##.############.#.#.#### #..
#....##...>....# #.#.#.# #..
#.#...#..#####.# #.#.#.######..
#.#...#..#####.# ##...##.......
.........##....# ##.##........


You could see a worm.

Vanquished Creatures
  An adder (D:2)
  An ufetubus (D:2)
  A dart slug (D:2)
  4 ball pythons (D:2)
  8 bats
  3 endoplasms (D:2)
  4 giant cockroaches (D:2)
  2 hobgoblins (D:2)
  A quokka (D:2)
  3 frilled lizards (D:2)
  3 goblins
  A kobold (D:2)
32 creatures vanquished.

Vanquished Creatures (others)
  6 toadstools (D:1)
6 creatures vanquished.

Grand Total: 38 creatures vanquished

Notes
Turn   | Place    | Note
-------+----------+-------------------------------------------
     0 | D:5      | Acheron the Minotaur Delver began the quest for the Orb.
     0 | D:5      | Reached XP level 1. HP: 19/19 MP: 0/0
     5 | D:5      | Noticed Menkaure
   243 | D:2      | Reached XP level 2. HP: 25/27 MP: 1/1
   688 | D:2      | Found an ancient bone altar of Kikubaaqudgha.
   734 | D:2      | Reached XP level 3. HP: 30/33 MP: 2/2
   786 | D:2      | Found a faded altar of an unknown god.
   807 | D:2      | Became a worshipper of Lugonu the Unformed
   807 | D:2      | Reached * piety under Lugonu
   807 | D:2      | Reached ** piety under Lugonu
   916 | D:2      | Noticed Sigmund
  1242 | D:2      | Reached skill level 1 in Armour
  1434 | D:2      | Slain by a worm

Illustrated notes

Levels and vault maps discovered:
D:1:      sevenhm_arrival_forest_fort_small_6, layout_basic,
          kennysheep_decorative_pillar, dk_noncrumbling_2,
          minmay_gold_behind_fungi
D:2:      minmay_general_purpose_star, layout_loops_cross,
          basic_ecumenical_altar, basic_altar, minmay_between, uniq_sigmund
D:3:      layout_loops_ring, mainiacjoe_overflow_tiny_flanked
D:4:      layout_gridville, mainiacjoe_overflow_small_starburst,
          minmay_temple_entry_junction
D:5:      layout_rooms, minmay_door_square, uniq_menkaure, uniq_edmund
D:6:      layout_basic, minmay_puff, uniq_duvessa

Skill      XL: |  1  2  3 |
---------------+----------+-----
Fighting       | 4 |  4.1
Armour         | 1 |  1.1
Axes           | 3 |  3.0
Dodging        | |  2.3
Stealth        | |  4.6

Action                   || total
-------------------------++-------
Melee: Hand axe          ||    69
       Headbutt          ||    11
 Stab: Sleeping          ||     5
Armor: Leather armour    ||    26
Dodge: Dodged            ||    45
